 Dungeon Crawl Stone Soup version 0.29-a0-1019-g84f7d21838 (webtiles) character file.

Game seed: 11280672567909271203

443 Newt the Skirmisher (level 7, -4/42 HPs)
             Began as a Kobold Hunter on Aug 10, 2022.
             Slain by a shadow imp (5 damage)
             ... on level 6 of the Dungeon.
             The game lasted 00:05:54 (3950 turns).

Newt the Skirmisher (Kobold Hunter)                 Turns: 3950, Time: 00:05:55

Health: -4/42      AC: 12    Str:  8    XL:     7   Next: 23%
Magic:  7/7        EV: 13    Int: 10    God:
Gold:   254        SH:  0    Dex: 27    Spells: 6/6 levels left

rFire   . . .      SeeInvis .   a - +0 shortbow
rCold   . . .      Faith    +   (shield currently unavailable)
rNeg    . . .      Spirit   .   l - +4 ring mail "Ybauch" {Dex+6}
rPois   .          Reflect  .   j - +0 helmet
rElec   .          Harm     .   y - +0 cloak
rCorr   .          Rampage  .   g - +0 pair of gloves
Will    .....                   (no boots)
Stlth   ++++......              e - amulet of faith
HPRegen 0.14/turn               (no ring)
MPRegen 0.10/turn               (no ring)

@: lethally poisoned (-4 -> -8)
A: small, no large weapons, nightstalker 3
a: no special abilities


You were on level 6 of the Dungeon.
You visited 1 branch of the dungeon, and saw 7 of its levels.

You collected 254 gold pieces.

Inventory:

Hand Weapons
 a - a +0 shortbow (weapon)
Armour
 c - a +0 leather armour
 g - a +0 pair of gloves (worn)
 j - a +0 helmet (worn)
 l - the +4 ring mail "Ybauch" (worn) {Dex+6}
   (You found it on level 2 of the Dungeon)

   Dex:       It affects your dexterity (+6).
 y - a +0 cloak (worn)
Jewellery
 e - an amulet of faith (around neck)
Wands
 i - a wand of flame (26)
Scrolls
 b - 2 scrolls of immolation
 f - 2 scrolls of noise
Potions
 h - a potion of cancellation
 k - 2 potions of haste {unknown}
 m - a potion of heal wounds {unknown}
 n - 3 potions of lignification
 o - a potion of mutation {unknown}
 p - a potion of berserk rage {unknown}
 q - a potion of brilliance {unknown}
 r - a potion of might {unknown}
 v - a potion of attraction {unknown}
 w - a potion of degeneration {unknown}


   Skills:
 + Level 3.9 Fighting
 - Level 8.0 Ranged Weapons
 - Level 0.9 Armour
 - Level 2.4 Dodging
 * Level 6.0 Stealth


You had 6 spell levels left.
You didn't know any spells.
Your spell library contained the following spells:

 Spells                   Type           Power      Damage    Failure   Level
 Sublimation of Blood     Necr           0%         N/A       87%         2
 Wereblood                Tmut           0%         N/A       87%         2
 Summon Hydra             Summ           0%         N/A       100%        7


Dungeon Overview and Level Annotations

Branches:
Dungeon (8/15)
 Temple: D:4-7         Lair: D:8-11

Altars:
Yredelemnul

Shops:
D:3 (


Innate Abilities, Weirdness & Mutations

You are small and have problems with some larger weapons.
You are completely attuned to the shadows.


Message History

The shadow imp closely misses you. The adder closely misses you.
Unknown command.
Fire: a) +0 shortbow
Press: ? - help, Shift-Dir - straight line, f/p - ice beast
Aim: an ice beast (poison gas, 70% to hit)
You shoot an arrow.
The arrow hits the ice beast but does no damage.
The shadow imp hits you but does no damage.
The ice beast hits you. The ice beast freezes you!
* * * LOW HITPOINT WARNING * * *
The adder bites you but does no damage. The ice beast misses you.
The shadow imp misses you. The adder barely misses you.
Fire: a) +0 shortbow
Press: ? - help, Shift-Dir - straight line, f/p - ice beast
Aim: an ice beast (poison gas, 70% to hit)
You shoot an arrow. The arrow closely misses the ice beast.
The adder barely misses you.
The ice beast hits you but does no damage.
The shadow imp closely misses you.
Fire: a) +0 shortbow
Press: ? - help, Shift-Dir - straight line, f/p - ice beast
Aim: an ice beast (poison gas, 70% to hit)
You shoot an arrow.
The arrow hits the ice beast but does no damage.
The adder misses you. The ice beast barely misses you. The shadow imp hits you.
* * * LOW HITPOINT WARNING * * *
The adder bites you.
* * * LOW HITPOINT WARNING * * *
You are lethally poisoned!
The adder poisons you!
Fire: a) +0 shortbow
Press: ? - help, Shift-Dir - straight line, f/p - ice beast
Aim: an ice beast (poison gas, 70% to hit)
You shoot an arrow. The arrow hits the ice beast!
The ice beast is moderately wounded.
* * * LOW HITPOINT WARNING * * *
You feel sick.
The ice beast hits you but does no damage.
The shadow imp hits you.
You die...

#○§§○○
##☼☼§○§
##○§§§§§
#§§§Y○§○
##§§@S§○§
##§○§#5.§§
.☼§§○#§§☼§.
.○○§§.○#§☼.
.☼○§#.☼#§§..
....##......
.......##...
............
....#....#


You could see an ice beast, an adder and a shadow imp.

Vanquished Creatures
  An ogre (D:4)
  A centaur (D:6)
  A scorpion (D:6)
  An orc priest (D:4)
  An iguana (D:3)
  2 orc wizards (D:3)
  Robin (D:2)
  3 adders
  3 dart slugs
  2 orcs (D:4)
  6 endoplasms
  3 giant cockroaches
  15 goblins
  5 hobgoblins
  3 jackals (D:2)
  6 kobolds
  3 quokkas
  7 ball pythons
  5 bats
  A frilled lizard (D:2)
  3 rats
73 creatures vanquished.

Notes
Turn   | Place    | Note
-------+----------+-------------------------------------------
     0 | D:1      | Newt the Kobold Hunter began the quest for the Orb.
     0 | D:1      | Reached XP level 1. HP: 12/12 MP: 1/1
   444 | D:1      | Reached XP level 2. HP: 17/17 MP: 2/2
   490 | D:1      | Reached skill level 6 in Ranged Weapons
   817 | D:1      | Reached XP level 3. HP: 21/21 MP: 3/3
   915 | D:1      | Found a faded altar of an unknown god.
  1268 | D:2      | Noticed Robin
  1495 | D:2      | Killed Robin
  1496 | D:2      | Reached skill level 7 in Ranged Weapons
  1496 | D:2      | Reached XP level 4. HP: 18/26 MP: 4/4
  2124 | D:2      | Identified the +4 ring mail "Ybauch" {Dex+6}
  2126 | D:2      | Found a basalt altar of Yredelemnul.
  2374 | D:3      | Reached XP level 5. HP: 29/30 MP: 5/5
  2559 | D:3      | Found Damuonko's Antique Weapon Shoppe.
  3177 | D:4      | Reached skill level 8 in Ranged Weapons
  3227 | D:4      | Reached XP level 6. HP: 33/36 MP: 6/6
  3454 | D:4      | Noticed an ogre
  3460 | D:4      | Killed an ogre
  3791 | D:4      | You fall into a shaft and drop 3 floors!
  3823 | D:7      | Noticed a sky beast
  3923 | D:6      | Reached skill level 5 in Stealth
  3923 | D:6      | Reached XP level 7. HP: 39/41 MP: 7/7
  3950 | D:6      | HP: 1/42 [poisoned by an adder]
  3950 | D:6      | Slain by a shadow imp

Illustrated notes

Levels and vault maps discovered:
D:1:      roderic_octagonal_star, layout_loops_ring,
          chequers_ecumenical_altar_island
D:2:      layout_loops_ring, basic_altar, uniq_robin
D:3:      layout_basic, serial_shops, shop
D:4:      layout_rooms, serial_rivers, chequers_serial_rivers_micro_b,
          chequers_serial_rivers_micro_d, chequers_serial_rivers_small_a,
          chequers_serial_rivers_micro_b, chequers_serial_rivers_micro_d,
          roderic_lattice_a
D:6:      layout_cave_pools, kiku_gazebo_garden_becter
D:7:      layout_loops_cross, makhleb_heckhound_becter,
          minmay_temple_entry_antechambers, serial_undead, serial_undead_e,
          serial_undead_e, serial_undead_a, serial_undead_b,
          uniq_crazy_yiuf_cottage
D:8:      layout_loops_ring, elyvilon_altar_1, mainiacjoe_overflow_brackets,
          enter_bailey_5, dk_noncrumbling_2

Skill      XL: |  1  2  3  4  5  6  7 |
---------------+----------------------+-----
Ranged Weapons | 6 7 8 |  8.0
Stealth        | 3 5 6 |  6.0
Fighting       | 3 |  3.9
Armour         | |  0.9
Dodging        | |  2.4

Action                   |  1- 3 |  4- 6 |  7- 9 || total
-------------------------+-------+-------+-------++-------
 Fire: Shortbow          |    88 |    98 |    16 ||   202
  Use: Scroll            |     6 |     4 |     1 ||    11
       Potion            |     1 |       |     1 ||     2
Armor: Leather armour    |    16 |     2 |       ||    18
       Ring mail         |       |    27 |    12 ||    39
Dodge: Dodged            |    42 |    39 |    22 ||   103

Table legend: (Time is in decaauts)
 A = Elapsed time spent in this place.
 B = Non-inter-level travel time spent in this place.
 C = Inter-level travel time spent in this place.
 D = Time resting spent in this place.
 E = Time spent auto-exploring this place.
 F = Levels seen in this place.
 G = Mean time per level.
                   A        B        C        D        E       F      G
               +--------+--------+--------+--------+--------+-----+--------+
         Total |   4010 |   3827 |    183 |    163 |   3085 |   7 |  572.9 |
       Dungeon |   4010 |   3827 |    183 |    163 |   3085 |   7 |  572.9 |
               +--------+--------+--------+--------+--------+-----+--------+

Top non-repeatable levels by time:
     D:2: 1319 daAuts
     D:1: 977 daAuts
     D:3: 937 daAuts
     D:4: 611 daAuts
     D:8: 58 daAuts
     D:6: 53 daAuts
     D:7: 52 daAuts
